 Dungeon Crawl Stone Soup version 0.20-a0-1089-g3fde505 (webtiles) character file.

4137 Alarkh the Cleaver (level 10, 70/70 HPs)
             Began as a Demonspawn Berserker on May 3, 2017.
             Was a High Priest of Trog.
             Got out of the dungeon alive.
             The game lasted 00:10:27 (8650 turns).

Alarkh the Cleaver (Demonspawn Berserker)           Turns: 8650, Time: 00:10:27

Health: 70/70      AC:  8    Str: 17    XL:     10   Next: 7%
Magic:  10/10      EV: 12    Int: 13    God:    Trog [*****.]
Gold:   328        SH:  0    Dex: 16    Spells: 9/9 levels left

rFire    + + .     SeeInvis .   a - +3 battleaxe (curse)
rCold    + . .     Gourm    +   (shield currently unavailable)
rNeg     . . .     Faith    .   p - +2 robe {rC+ rF+}
rPois    .         Spirit   .   (helmet restricted)
rElec    .         Reflect  .   D - +1 cloak
rCorr    .         Harm     .   (no gloves)
MR       .....                  (no boots)
Stlth    +.........             E - amulet of the gourmand
Regen    0.3/turn               i - ring of protection from fire
MPRegen  0.2/turn               y - +4 ring of dexterity

@: no status effects
A: antennae 1, yellow scales 1, powered by death 2, spiny 1
a: Berserk, Trog's Hand, Brothers in Arms, Burn Spellbooks, Renounce Religion


You escaped.
You worshipped Trog.
Trog was extremely pleased with you.
You were hungry.

You visited 1 branch of the dungeon, and saw 8 of its levels.
You also visited: Ossuary.

You collected 328 gold pieces.

Inventory:

Hand Weapons
 a - a cursed +3 battleaxe (weapon)
 g - a +0 hand axe
 l - a +0 war axe
 s - a -3 hand axe
 B - a -1 war axe
Armour
 b - a +0 animal skin
 p - a +2 robe of resistance (worn)
 D - a +1 cloak (worn)
Jewellery
 d - an uncursed ring of fire
 i - a ring of protection from fire (left hand)
 y - a +4 ring of dexterity (right hand)
 E - an amulet of the gourmand (around neck)
Scrolls
 e - a scroll of identify
 f - a scroll of blinking
 n - 2 scrolls of recharging
 r - 2 scrolls of fear
 u - 3 scrolls of magic mapping
 v - 4 scrolls of remove curse
 z - a scroll of fog
 C - a scroll of amnesia {unknown}
 F - a scroll of teleportation {unknown}
 J - a scroll of enchant armour {unknown}
Potions
 j - a potion of magic
 m - 3 potions of lignification
 o - a potion of mutation
 q - 4 potions of haste
 t - 3 potions of heal wounds
 w - 2 potions of brilliance
 x - 4 potions of agility
 A - a potion of curing
 G - 2 potions of resistance
 H - a potion of flight
Comestibles
 c - 6 bread rations
 h - 4 royal jellies
 k - 3 meat rations


   Skills:
 - Level 3.0 Fighting
 + Level 13.2 Axes
 - Level 1.7 Armour
 - Level 1.7 Dodging


You had 9 spell levels left.
You didn't know any spells.

Dungeon Overview and Level Annotations

Branches:
Dungeon (8/15)             Temple (0/1) D:5
   Lair: D:8-11

Altars:
Ashenzari
Cheibriados
Elyvilon
Hepliaklqana
Makhleb
Okawaru
Qazlal
The Shining One


Innate Abilities, Weirdness & Mutations

You have a pair of small antennae on your head.
You are partially covered in yellow scales. (AC +2)
You regenerate health from kills.
You are partially covered in sharp spines.


Message History

There is a stone staircase leading up here.
You climb upwards.
There is a stone staircase leading down here.
You see here a short sword.
There is a stone staircase leading up here.
You climb upwards.
There is a stone staircase leading down here.
There is a stone staircase leading up here.
You climb upwards.
There is a stone staircase leading down here.
You see here a poisoned needle.
There is a stone staircase leading up here.
You climb upwards.
There is a stone staircase leading down here.
There is a stone staircase leading up here.
You climb upwards.
There is a stone staircase leading down here.
There is a staircase leading out of the dungeon here.
Are you sure you want to leave the Dungeon?
This will make you lose the game!
You have escaped!

.##....###........#
#.
..#..#.....####.###
########.
#......##### #.#
#........
#.###.#########.#
#.#######
..#.............#####
#.#
......#######)#.#.#.#
#.# ......#
#.#.#.#.## #.#
..#####
##.#.#.#.#####.# .##
#.#.#@#.#......#
.########
##.#.#.#..######
........# #.#.#.#.###
#######.# ##.#.#.#.#
#.# #.#.#.#.##
#.######...###
#.........##
###########


There were no monsters in sight!

Vanquished Creatures
  2 two-headed ogres
  Menkaure (D:5)
  Duvessa (D:7)
  An ice beast (D:5)
  An orc warrior (D:7)
  A black bear (D:7)
  The ghost of claquette the Shooter, an amateur CeHu (D:3)
  A phantom (D:6)
  An ogre (D:7)
  A centaur (D:6)
  A big kobold (D:7)
  3 bullfrogs
  A wyvern zombie (Ossuary)
  Dowan (D:7)
  2 scorpions (D:4)
  5 killer bees (D:8)
  2 howler monkeys (D:8)
  6 centaur zombies (Ossuary)
  2 bullfrog zombies (Ossuary)
  2 orc priests
  2 bullfrog skeletons (D:5)
  3 hounds
  A jelly (D:7)
  A centaur skeleton (D:4)
  5 orc wizards
  Jessica (D:2)
  2 worker ants
  A killer bee zombie (Ossuary)
  2 hound zombies (Ossuary)
  8 mummies (Ossuary)
  A howler monkey zombie (Ossuary)
  5 worker ant zombies (Ossuary)
  Robin (D:6)
  12 adders
  A shadow imp (D:5)
  3 oozes
  An adder skeleton (D:7)
  4 adder zombies (Ossuary)
  A worm (D:5)
  2 dart slugs
  5 leopard geckos
  11 orcs
  A giant cockroach (D:1)
  16 goblins
  8 hobgoblins
  6 jackals
  5 quokkas
  A ball python (D:2)
  8 bats
  5 frilled lizards
  A giant cockroach zombie (Ossuary)
  A goblin zombie (D:8)
  A jackal skeleton (D:5)
  2 jackal zombies (Ossuary)
  14 kobolds
  A leopard gecko skeleton (D:4)
  A leopard gecko zombie (Ossuary)
  A quokka zombie (D:7)
  6 rats
  A rat zombie (D:8)
188 creatures vanquished.

Notes
Turn   | Place    | Note
-------+----------+-------------------------------------------
     0 | D:1      | Alarkh the Demonspawn Berserker began the quest for the Orb.
     0 | D:1      | Reached XP level 1. HP: 18/18 MP: 1/1
   104 | D:1      | Reached skill level 3 in Axes
   480 | D:1      | Gained mutation: You regenerate a little health from kills. [demonic ancestry]
   480 | D:1      | Reached XP level 2. HP: 15/24 MP: 2/2
  1015 | D:2      | Gained mutation: You are partially covered in yellow scales. (AC +2) [demonic ancestry]
  1015 | D:2      | Reached XP level 3. HP: 29/29 MP: 3/3
  1194 | D:2      | Reached ** piety under Trog
  1197 | D:2      | Reached skill level 4 in Axes
  1393 | D:2      | Reached XP level 4. HP: 35/35 MP: 4/4
  1404 | D:2      | Noticed Jessica
  1405 | D:2      | Found a white marble altar of Elyvilon.
  1409 | D:2      | Killed Jessica
  1631 | D:3      | Found an iron altar of Okawaru.
  1788 | D:3      | Reached skill level 5 in Axes
  1920 | D:3      | Found a shattered altar of Ashenzari.
  2105 | D:3      | Found a snail-covered altar of Cheibriados.
  2105 | D:3      | Found a burning altar of Makhleb.
  2234 | D:3      | Gained mutation: You have a pair of small antennae on your head. [demonic ancestry]
  2234 | D:3      | Reached XP level 5. HP: 36/41 MP: 5/5
  2311 | D:3      | Noticed claquette's ghost (amateur CeHu)
  2696 | D:3      | Reached *** piety under Trog
  2796 | D:3      | Killed claquette's ghost
  2796 | D:3      | Reached skill level 6 in Axes
  3074 | D:4      | Reached XP level 6. HP: 24/47 MP: 6/6
  3076 | D:4      | Found a glowing golden altar of the Shining One.
  3096 | D:4      | HP: 2/47 [poisoned by a scorpion]
  3103 | D:4      | HP: 1/47 [poisoned by a scorpion]
  4045 | D:4      | Reached skill level 7 in Axes
  4565 | D:5      | Entered Level 5 of the Dungeon
  4764 | D:5      | Found a staircase to the Ecumenical Temple.
  4775 | D:5      | Reached XP level 7. HP: 47/52 MP: 7/7
  5102 | D:5      | Noticed Menkaure
  5113 | D:5      | Killed Menkaure
  5436 | D:5      | Reached skill level 8 in Axes
  6021 | D:6      | Noticed Robin
  6027 | D:6      | Killed Robin
  6322 | D:6      | Reached skill level 9 in Axes
  6322 | D:6      | Reached XP level 8. HP: 53/58 MP: 8/8
  6450 | D:6      | Reached **** piety under Trog
  6994 | D:7      | Found a stormy altar of Qazlal.
  7040 | D:7      | Noticed a two-headed ogre
  7048 | D:7      | Killed a two-headed ogre
  7048 | D:7      | Reached skill level 11 in Axes
  7048 | D:7      | Gained mutation: You regenerate health from kills. [demonic ancestry]
  7048 | D:7      | Reached XP level 9. HP: 36/63 MP: 9/9
  7257 | D:7      | Noticed Dowan
  7257 | D:7      | Noticed Duvessa
  7273 | D:7      | Killed Dowan
  7283 | D:7      | Killed Duvessa
  7297 | D:7      | Found a white marble altar of Elyvilon.
  7928 | D:8      | Noticed a two-headed ogre
  7929 | D:8      | Noticed a brown ugly thing
  7937 | D:8      | Noticed a two-headed ogre
  7942 | D:8      | Killed a two-headed ogre
  7942 | D:8      | Reached skill level 12 in Axes
  8022 | D:8      | Found a hazy altar of Hepliaklqana.
  8064 | D:8      | Found a sand-covered staircase.
  8071 | Ossuary  | Entered an ossuary
  8112 | Ossuary  | Reached ***** piety under Trog
  8133 | Ossuary  | Reached skill level 13 in Axes
  8249 | Ossuary  | Gained mutation: You are partially covered in sharp spines. [demonic ancestry]
  8249 | Ossuary  | Reached XP level 10. HP: 69/70 MP: 10/10
  8650 | D:$      | Got out of the dungeon alive.

Vault maps used:
D:1:      lightli_arrival_chessboard, minmay_tromino_v4_c
D:2:      elyvilon_altar_5, uniq_jessica
D:3:      marbit_many_paths, ashenzari_conservatory_becter,
          gammafunk_temple_overflow_wave, serial_glass, glass_columns_a,
          glass_columns_a, uniq_robin
D:4:      lemuel_coloured_pillars_altar
D:5:      minmay_temple_entry_from_below_a, first_bread, uniq_menkaure
D:7:      grunt_qazlal_sundering, basic_altar, grunt_ogre_cave, uniq_duvessa
D:8:      lemuel_crystal_altar, special_room, enter_ossuary_4, minivault_12
Ossuary:  ossuary_zaba_flooded

Skill      XL: |  1  2  3  4  5  6  7  8  9 |
---------------+----------------------------+-----
Axes           | 3 4 5 6 7 9 11 13 | 13.2
Fighting       | |  3.0
Armour         | |  1.7
Dodging        | |  1.7

Action                   |  1- 3 |  4- 6 |  7- 9 | 10-12 || total
-------------------------+-------+-------+-------+-------++-------
Melee: Hand axe          |   128 |   268 |       |       ||   396
       War axe           |       |    22 |    69 |       ||    91
       Battleaxe         |       |       |   182 |    35 ||   217
Invok: Berserk           |     5 |     8 |    11 |       ||    24
       Trog's Hand       |       |     1 |       |       ||     1
  Use: Scroll            |     1 |     6 |     8 |     4 ||    19
       Potion            |       |       |       |     5 ||     5
 Stab: Sleeping          |       |     2 |     3 |       ||     5
       Distracted        |       |       |       |     1 ||     1
  Eat: Chunk             |     7 |    18 |    16 |       ||    41
       Fruit             |       |     1 |     4 |       ||     5
       Meat ration       |       |       |     1 |       ||     1
Armor: Animal skin       |    34 |     1 |       |       ||    35
       Robe              |       |    98 |    76 |    14 ||   188
Dodge: Dodged            |    98 |   171 |   186 |    16 ||   471
